 Dungeon Crawl Stone Soup version 0.30.1-9-gdf580d7c3d (webtiles) character file.

Game seed: 15315452920642761065

98 Psyclone the Conjurer (level 4, 14/24 HPs)
             Began as a Deep Elf Conjurer on Sept 27, 2023.
             Quit the game on level 2 of the Dungeon.
             The game lasted 00:03:37 (2962 turns).

Psyclone the Conjurer (Deep Elf Conjurer)           Turns: 2962, Time: 00:03:37

Health: 14/24      AC:  3    Str:  4      XL:     4   Next: 43%
Magic:  13/13      EV: 12    Int: 24 (25) God:
Gold:   126        SH:  0    Dex: 12 (13) Spells: 11/13 levels left

rFire   . . .        d - +0 short sword (freeze)
rCold   . . .        (no shield)
rNeg    . . .        a - +0 robe
rPois   .            (no helmet)
rElec   .            (no cloak)
rCorr   .            f - +0 pair of gloves
SInv    .            (no boots)
Will    .....        k - amulet of the acrobat
Stlth   ++           (no ring)
HPRegen 0.24/turn    (no ring)
MPRegen 0.13/turn

%: acrobat
@: brilliant, hasted, very quick
A: no striking features
a: no special abilities


You were on level 2 of the Dungeon.
You visited 1 branch of the dungeon, and saw 2 of its levels.

You collected 126 gold pieces.

Inventory:

Hand Weapons
 d - a +0 short sword of freezing (weapon)
Armour
 a - a +0 robe (worn)
 f - a +0 pair of gloves (worn)
 h - a +0 buckler
Jewellery
 k - an amulet of the acrobat (around neck)
 l - an amulet of faith
Scrolls
 g - a scroll of fog
 n - a scroll of identify {@r1}
Potions
 b - a potion of magic
 e - 3 potions of degeneration
 p - a potion of haste


   Skills:
 - Level 2.4 Dodging
 - Level 2.4 Stealth
 + Level 5.0 Spellcasting
 + Level 5.5 Conjurations


You had 11 spell levels left.
You knew the following spells:

 Your Spells              Type           Power      Damage    Failure   Level
b - Searing Ray           Conj           98%        2d8       1%          2

Your spell library contained the following spells:

 Spells                   Type           Power      Damage    Failure   Level
 Magic Dart               Conj           100%       1d8       1%          1
 Dazzling Flash           Conj/Hex       58%        N/A       9%          3
 Fulminant Prism          Conj/Hex       14%        3d9       28%         4
 Iskenderun's Mystic Bla  Conj/Tloc      29%        2d7       28%         4


Dungeon Overview and Level Annotations

Branches:
Dungeon (2/15) Zot: 9036

Altars:
Wu Jian


Message History

You now have 126 gold pieces (gained 13).
You see here a +0 whip.
Found 4 stones.
MP restored: 13 A rat comes into view.
A rat is nearby!
Casting: Searing Ray (safe; 1% risk of failure)
Confirm with . or Enter, or press ? or * to list all spells.
Aiming: Magic Dart (safe; 1% risk of failure)
Press: ? - help, Shift-Dir - straight line, f - rat
Aim: a rat (asleep, 100% to hit)
The magic dart hits the rat.
You kill the rat!
You now have 12/13 mp.
Casting: Magic Dart (safe; 1% risk of failure)
Confirm with . or Enter, or press ? or * to list all spells.
You can't see any susceptible monsters within range! (Use Z to cast anyway.) Unknown command.
You see here 4 stones.
You see here a rat corpse.
There is a stone staircase leading up here.
Done exploring.
MP restored: 13
Okay, then.
As you read the scroll labelled ZIF NONGESSUE, it crumbles to dust.
You feel momentarily disoriented.
It was a scroll of magic mapping.
As you read the scroll labelled COIXIESTEYLU, it crumbles to dust.
Your body is wracked with pain!
It was a scroll of torment.
You take 11 damage, and have 13/24 hp.
MASSIVE DAMAGE!!
As you read the scroll labelled ARIKKI NUHY, it crumbles to dust.
You assume a fearsome visage.
Nothing appears to happen.
It was a scroll of fear.
As you read the scroll labelled IPUSSI JEIL, it crumbles to dust.
It is a scroll of amnesia.
Forget Magic Dart, freeing 1 spell level for a total of 11?
Your memory of Magic Dart unravels.
It was a potion of brilliance.
You feel clever all of a sudden.
It was a potion of haste.
You feel yourself speed up.
Are you sure you want to abandon this character and quit the game? (Confirm with "yes".)

#.# # #.# ## ##########
####.# #.
##...##...###....###.
##..........##........
#........>...#......#.
#............#...).##.
#............##.......
##...@..........รท.....
##...##...##.........
########...>#.#.....
###..#....#..
###..........
#...##..###.. #.####..#
#.. #.# ##.## ##.
#.###..# ##


There were no monsters in sight!

Vanquished Creatures
  Terence (D:2)
  2 adders (D:2)
  3 worms (D:2)
  3 dart slugs
  2 bats
  6 endoplasms
  A giant cockroach (D:1)
  2 goblins
  3 hobgoblins (D:1)
  2 quokkas (D:2)
  5 ball pythons
  4 frilled lizards
  4 kobolds
  A rat (D:2)
39 creatures vanquished.

Notes
Turn   | Place    | Note
-------+----------+-------------------------------------------
     0 | D:1      | Psyclone the Deep Elf Conjurer began the quest for the Orb.
     0 | D:1      | Reached XP level 1. HP: 10/10 MP: 6/6
   247 | D:1      | Reached XP level 2. HP: 15/15 MP: 5/8
   331 | D:1      | Learned a level 2 spell: Searing Ray
  2185 | D:2      | Reached skill level 5 in Conjurations
  2185 | D:2      | Reached XP level 3. HP: 19/19 MP: 8/10
  2228 | D:2      | Found an ornate altar of the Wu Jian Council.
  2642 | D:2      | Noticed Terence
  2690 | D:2      | Killed Terence
  2691 | D:2      | Reached skill level 5 in Spellcasting
  2691 | D:2      | Reached XP level 4. HP: 10/24 MP: 1/13
  2962 | D:2      | Quit the game

Illustrated notes

Levels and vault maps discovered:
D:1:      minmay_arrival_shoal_huts, layout_loops_ring, serial_co_window_serial,
          co_window_cross_1, co_window_cross_1, co_window_paths_a,
          co_window_corner_a, co_window_corner_a, co_window_unsneaky_path_b,
          co_window_corner_ca, co_window_broadway_a, co_window_unsneaky_path_e,
          co_window_corner_b, co_window_paths_d
D:2:      layout_rooms, basic_altar, uniq_terence

Skill      XL: |  1  2  3 |
---------------+----------+-----
Spellcasting   | 4 5 |  5.0
Conjurations   | 5 |  5.5
Dodging        | |  2.4
Stealth        | |  2.4

Action                     |  1- 3 |  4- 6 || total
---------------------------+-------+-------++-------
  Melee: Short sword       |     4 |       ||     4
   Cast: Magic Dart        |    86 |     3 ||    89
         Searing Ray       |     2 |     1 ||     3
    Use: Scroll            |     3 |     4 ||     7
         Potion            |     2 |     2 ||     4
 Armour: Robe              |     3 |       ||     3
  Dodge: Dodged            |    20 |       ||    20
